 Dungeon Crawl Stone Soup version 0.20-a0-1026-gc3ddcbd (webtiles) character file.

185 Ordine the Magician (level 5, -7/28 HPs)
             Began as a Deep Elf Wizard on Apr 20, 2017.
             Mangled by a worm (8 damage)
             ... on level 3 of the Dungeon.
             The game lasted 00:07:42 (2789 turns).

Ordine the Magician (Deep Elf Wizard)               Turns: 2789, Time: 00:07:43

Health: -7/28      AC:  3    Str:  4    XL:     5   Next: 37%
Magic:  1/15       EV: 13    Int: 24    God:
Gold:   107        SH:  0    Dex: 13    Spells: 7/16 levels left

rFire    . . .     SeeInvis .   f - +0 dagger
rCold    . . .     Gourm    .   (no shield)
rNeg     . . .     Faith    .   a - +0 robe
rPois    .         Spirit   .   b - +0 hat
rElec    .         Reflect  .   (no cloak)
rCorr    .         Harm     .   (no gloves)
MR       .....                  m - +0 pair of boots
Stlth    +++.......             (no amulet)
Regen    0.1/turn               e - ring of stealth
MPRegen  0.2/turn               (no ring)

@: no status effects
A: no striking features
a: no special abilities


You were on level 3 of the Dungeon.
You were not hungry.

You visited 1 branch of the dungeon, and saw 3 of its levels.

You collected 107 gold pieces.

Inventory:

Hand Weapons
 f - a +0 dagger (weapon)
Armour
 a - a +0 robe (worn)
 b - a +0 hat (worn)
 m - a +0 pair of boots (worn)
Jewellery
 e - a ring of stealth (left hand)
Scrolls
 g - 2 scrolls of remove curse
 h - a scroll of recharging
 i - a scroll of identify
 j - a scroll of teleportation
Potions
 n - a potion of mutation
Books
 c - a book of Minor Magic

   Spells                             Type                      Level
   a - Magic Dart                     Conjuration                  1
   b - Blink                          Translocation                2
   c - Call Imp                       Summoning                    2
   d - Slow                           Hexes                        2
   e - Conjure Flame                  Conjuration/Fire             3
   f - Mephitic Cloud                 Conjuration/Poison/Air       3
Comestibles
 d - 2 bread rations
 k - a royal jelly


   Skills:
 - Level 2.4 Dodging
 - Level 3.0 Stealth
 * Level 6.1 Spellcasting
 + Level 2.5 Conjurations
   Level 1.1 Summonings
 + Level 2.4 Translocations
 + Level 1.3 Fire Magic
 + Level 1.5 Air Magic


You had 7 spell levels left.
You knew the following spells:

 Your Spells              Type           Power        Failure   Level  Hunger
a - Magic Dart            Conj           ###.         2%          1    None
b - Blink                 Tloc           N/A          4%          2    None
c - Conjure Flame         Conj/Fire      ###.....     11%         3    #......
d - Mephitic Cloud        Conj/Pois/Air  ##......     14%         3    #......


Dungeon Overview and Level Annotations

Branches:
Dungeon (3/15)

Altars:
Okawaru
Ru


Message History

Press: ? - help, Shift-Dir - straight line, f - orc
Aim: an orc, wielding a mace and wearing a scale mail The magic dart hits the orc.
The orc throws a javelin.
The javelin hits you!
* * * LOW HITPOINT WARNING * * *
Casting: Magic Dart
Confirm with . or Enter, or press ? or * to list all spells.
Aiming: Magic Dart
Press: ? - help, Shift-Dir - straight line, f/p - orc
Aim: an orc, wielding a mace and wearing a scale mail The magic dart hits the orc.
Okay, then.
Casting: Magic Dart
Confirm with . or Enter, or press ? or * to list all spells.
You blink.
An orc comes into view.
The orc shouts! x2
The orc moves out of view.
The orc hits you with a mace.
* * * LOW HITPOINT WARNING * * *
The worm bites you!
You die...

## #.#...#...#
#######.#..)#...#
.>......#....o..#
###..##.###._.#####
# #.##..#.......#.#
# #.##..#.†.#...#.#
# #.....#...#...#.#
#
###..#..+#######w.#
.. #...##.....
#§o@.# .. ..###
..#### ####.###.#
.####.###
######(....#..
#....#
#.....(.....g..
.....#
#......o..#.g..
.....##.
##.............
.......#
#####...#####.
...[..... .).#..
.......⌠. )......


You could see a worm, 3 orcs and a goblin (wandering).

Vanquished Creatures
  Natasha (twice) (D:2)
  2 orc wizards (D:3)
  3 adders
  2 worms
  2 dart slugs
  4 orcs (D:3)
  4 bats
  A giant cockroach (D:2)
  6 goblins
  6 hobgoblins
  4 jackals (D:3)
  4 kobolds
  3 frilled lizards (D:2)
  6 rats
49 creatures vanquished.

Notes
Turn   | Place    | Note
-------+----------+-------------------------------------------
     0 | D:1      | Ordine the Deep Elf Wizard began the quest for the Orb.
     0 | D:1      | Reached XP level 1. HP: 10/10 MP: 7/7
   264 | D:1      | Reached XP level 2. HP: 15/15 MP: 4/9
   268 | D:1      | Learned a level 2 spell: Blink
  1363 | D:1      | Reached skill level 5 in Spellcasting
  1512 | D:2      | Found an iron altar of Okawaru.
  1676 | D:2      | Noticed Natasha
  1685 | D:2      | Killed Natasha
  1685 | D:2      | Reached XP level 3. HP: 15/19 MP: 3/11
  1690 | D:2      | Learned a level 3 spell: Conjure Flame
  1694 | D:2      | Learned a level 3 spell: Mephitic Cloud
  1895 | D:2      | Reached XP level 4. HP: 24/24 MP: 3/13
  1938 | D:2      | Noticed Natasha
  1945 | D:2      | Killed Natasha
  1945 | D:2      | Reached skill level 1 in Air Magic
  2420 | D:3      | Reached skill level 1 in Fire Magic
  2420 | D:3      | Reached XP level 5. HP: 13/28 MP: 0/15
  2520 | D:3      | Reached skill level 6 in Spellcasting
  2658 | D:3      | Found a sacrificial altar of Ru.
  2789 | D:3      | HP: 1/28 [orc/mace (1)]
  2789 | D:3      | Mangled by a worm

Vault maps used:
D:1:      dpeg_arrival_rooms_b, minmay_pentomino_r4
D:2:      first_bread, okawaru_trees_2, uniq_natasha
D:3:      grunt_temple_overflow_magic_moments,
          nicolae_ru_great_annihilating_truth

Skill      XL: |  1  2  3  4  5 |
---------------+----------------+-----
Spellcasting   | 5 6 |  6.1
Stealth        | 3 |  3.0
Conjurations   | 2 |  2.5
Air Magic      | 1 |  1.5
Translocations | 2 |  2.4
Fire Magic     | 1 |  1.3
Dodging        | |  2.4
Summonings     | |  1.1

Action                   |  1- 3 |  4- 6 || total
-------------------------+-------+-------++-------
Melee: Dagger            |       |     3 ||     3
 Cast: Magic Dart        |    97 |    61 ||   158
       Mephitic Cloud    |       |     2 ||     2
       Blink             |       |     1 ||     1
  Use: Scroll            |     6 |     2 ||     8
       Potion            |     1 |       ||     1
  Eat: Chunk             |     3 |     2 ||     5
Armor: Robe              |     2 |     1 ||     3
Dodge: Dodged            |    13 |    12 ||    25
